AoeStats
← Cya m8

Arabia

506742558Analyzed
1v1 RM · 19d ago on Sep 14, 2026· 33m 7s· 2 players
Game mode
Random Map
Map size
Tiny (2 player)
Population
200
Speed
Normal
Resources
Standard
Victory
Conquest
Starting age
Dark Age
Ending age
Imperial Age
RankedLock teamsTeams togetherTeam positionsShared explorationLock speedFull tech treeHidden civsTurbo modeCheats
Victory
Defeat
🇧🇷 Aztecs · Brazil
701
+17
🇹🇷 Portuguese · Türkiye
721
-17
PablinNTC
6:40 Loom
11:24 Feudal Age
13:04 Gold Mining
13:03 Double-Bit Axe
13:00 Horse Collar
16:47 Town Watch
17:18 Stone Mining
21:52 Castle Age
20:30 Man-at-Arms
22:51 Scale Mail Armor
22:54 Gambesons
23:10 Squires
22:56 Arson
23:01 Long Swordsman
24:42 Wheelbarrow
25:09 Chain Mail Armor
26:56 Forging
27:31 Gold Shaft Mining
28:53 Iron Casting
30:58 Town Patrol
31:40 Hand Cart
Cya m8
13:33 Feudal Age
14:57 Double-Bit Axe
18:43 Horse Collar
19:31 Loom
23:05 Castle Age
24:37 Gold Mining
24:51 Heavy Plow
29:44 Fletching
29:55 Padded Archer Armor
30:16 Crossbowman
32:55 Leather Archer Armor
32:35 Bodkin Arrow
Connection lost

Rejoining the realm…

Still unreachable

The connection could not be restored.

Session expired

The server has moved on; the page needs a fresh start.